 Dungeon Crawl Stone Soup version 0.29.1-15-g9cfb28693d (webtiles) character file.

Game seed: 7939974195531203265

69 dudediamond6 the Magician (level 4, 0/30 HPs)
             Began as a Human Hedge Wizard on Mar 30, 2023.
             Slain by a gnoll
             ... wielding a +0 halberd
              (12 damage)
             ... on level 2 of the Dungeon.
             The game lasted 00:04:55 (2080 turns).

dudediamond6 the Magician (Human Hedge Wizard)      Turns: 2080, Time: 00:04:55

Health: 0/30       AC:  3    Str: 11    XL:     4   Next: 42%
Magic:  1/19       EV: 12    Int: 16    God:
Gold:   75         SH:  0    Dex: 12    Spells: 4/11 levels left

rFire   . . .      SeeInvis .   a - +0 dagger
rCold   . . .      Faith    .   (no shield)
rNeg    . . .      Spirit   .   b - +0 robe
rPois   .          Reflect  .   c - +0 hat
rElec   .          Harm     .   (no cloak)
rCorr   .          Rampage  .   h - +0 pair of gloves
Will    .....                   (no boots)
Stlth   ++........              (no amulet)
HPRegen 0.10/turn               j - ring of magical power
MPRegen 0.16/turn               (no ring)

@: very slightly contaminated
A: no striking features
a: no special abilities


You were on level 2 of the Dungeon.
You visited 1 branch of the dungeon, and saw 2 of its levels.

You collected 75 gold pieces.

Inventory:

Hand Weapons
 a - a +0 dagger (weapon)
Armour
 b - a +0 robe (worn)
 c - a +0 hat (worn)
 h - a +0 pair of gloves (worn)
Jewellery
 j - a ring of magical power (left hand)
Scrolls
 e - a scroll of amnesia {unknown}
 g - a scroll of magic mapping {unknown}
 i - a scroll of enchant weapon {unknown}
Potions
 d - a potion of magic
 f - a potion of curing {unknown}


   Skills:
 + Level 0.1 Fighting
 + Level 0.5 Short Blades
 + Level 2.2 Dodging
 + Level 2.1 Stealth
 + Level 4.0 Spellcasting
 + Level 2.0 Conjurations
 + Level 1.0 Summonings
 + Level 1.0 Translocations


You had 4 spell levels left.
You knew the following spells:

 Your Spells              Type           Power      Damage    Failure   Level
a - Magic Dart            Conj           36%        1d4       7%          1
b - Slow                  Hex            12%        N/A       17%         1
c - Call Imp              Summ           6%         N/A       17%         2
d - Mephitic Cloud        Conj/Pois/Air  5%         N/A       36%         3

Your spell library contained the following spells:

 Spells                   Type           Power      Damage    Failure   Level
 Blink                    Tloc           12%        N/A       17%         2
 Poisonous Vapours        Pois/Air       6%         N/A       26%         2
 Conjure Flame            Conj/Fire      6%         6-21      32%         3
 Corpse Rot               Necr/Pois/Air  3%         N/A       86%         4


Dungeon Overview and Level Annotations

Branches:
Dungeon (2/15)

Altars:

Shops:
D:2 =


Message History

The giant cockroach bites your crimson imp.
Your crimson imp hits the giant cockroach.
The giant cockroach dies!
Your Spellcasting skill increases to level 4!
You see here a ring of magical power.
j - a ring of magical power You feel your magic capacity increase.
j - a ring of magical power (left hand)
A quokka is nearby!
You miscast Magic Dart.
You are very lightly contaminated with residual magic.
Nothing appears to happen.
The magic dart hits the quokka.
The quokka is heavily wounded.
Your crimson imp misses the gnoll.
You closely miss the quokka.
The quokka is heavily wounded.
Your crimson imp completely misses the gnoll.
The quokka misses you.
You hit the quokka but do no damage.
The quokka is heavily wounded.
The quokka closely misses you.
You hit the quokka.
The quokka is severely wounded.
The gnoll closely misses you. The quokka barely misses you.
Your crimson imp hits the gnoll.
You hit the quokka.
You kill the quokka!
The gnoll hits you from afar with a +0 halberd!
Your crimson imp hits the gnoll but does no damage.
Casting: Magic Dart (safe; 7% risk of failure)
Confirm with . or Enter, or press ? or * to list all spells.
Aiming: Magic Dart (safe; 7% risk of failure)
Press: ? - help, Shift-Dir - straight line, f - gnoll
Aim: a gnoll, wielding a +0 halberd (severely wounded, ally target, 100% to hit)
The magic dart hits the gnoll.
The gnoll is almost dead.
Your crimson imp disappears in a puff of smoke!
The gnoll hits you from afar with a +0 halberd!
You die...

. #. #. ..##. ... ...#
#.. ###..##.# ## ......#
.# ##.#..# .#
#####.....# #
.###.......#.#####.#
..).....(..#.§g.@..#
.###.#####....###.......
.# #.# ###### #.##.## .#
#.# .# ####.## # #...#
#...# #...# ###...#####


You could see a gnoll.

Vanquished Creatures
  2 adders (D:2)
  3 ball pythons
  5 bats (D:1)
  4 endoplasms (D:1)
  3 giant cockroaches (D:1)
  A goblin (D:2)
  3 hobgoblins (D:1)
  2 quokkas
  3 frilled lizards
  A kobold (D:1)
  A rat (D:1)
28 creatures vanquished.

Vanquished Creatures (collateral kills)
  2 gnolls (D:2)
  A giant cockroach (D:2)
3 creatures vanquished.

Grand Total: 31 creatures vanquished

Notes
Turn   | Place    | Note
-------+----------+-------------------------------------------
     0 | D:1      | dudediamond6 the Human Hedge Wizard began the quest for the
                  | Orb.
     0 | D:1      | Reached XP level 1. HP: 13/13 MP: 4/4
     2 | D:1      | Learned a level 1 spell: Slow
   212 | D:1      | Reached XP level 2. HP: 6/19 MP: 0/6
   446 | D:1      | Found a faded altar of an unknown god.
   864 | D:1      | Reached XP level 3. HP: 24/24 MP: 1/8
  1261 | D:1      | Learned a level 2 spell: Call Imp
  1265 | D:1      | Learned a level 3 spell: Mephitic Cloud
  1536 | D:2      | Found Wokkogue's Jewellery Shop.
  1760 | D:2      | Reached XP level 4. HP: 28/30 MP: 3/9
  2072 | D:2      | Reached skill level 4 in Spellcasting
  2080 | D:2      | Slain by a gnoll

Illustrated notes

Levels and vault maps discovered:
D:1:      shiori_arrival_maze, layout_rooms, hellmonk_ecumenical_altar_lost_god
D:2:      layout_loops_cross, serial_shops, shop, minmay_vboxes,
          uniq_crazy_yiuf_cottage

Skill      XL: |  1  2  3  4 |
---------------+-------------+-----
Conjurations   | 2 |  2.0
Spellcasting   | 4 |  4.0
Fighting       | |  0.1
Short Blades   | |  0.5
Dodging        | |  2.2
Stealth        | |  2.1
Summonings     | |  1.0
Translocations | |  1.0

Action                   |  1- 3 |  4- 6 || total
-------------------------+-------+-------++-------
Melee: Dagger            |    38 |     4 ||    42
 Cast: Magic Dart        |    71 |    11 ||    82
       Call Imp          |     1 |     3 ||     4
       Slow              |       |     2 ||     2
Armor: Robe              |    19 |     2 ||    21
Dodge: Dodged            |    45 |    13 ||    58
